 Dungeon Crawl Stone Soup version 0.31-a0-1154-gadca813884 (webtiles) character file.

Game seed: 13152023451140488658

110 Sybirions the Slasher (level 4, 0/28 HPs)
             Began as a Tengu Berserker on Dec 7, 2023.
             Was a Believer of Trog.
             Slain by a phantom (3 damage)
             ... on level 5 of the Dungeon.
             The game lasted 00:23:15 (2126 turns).

Sybirions the Slasher (Tengu Berserker)             Turns: 2126, Time: 00:23:15

Health: 0/28       AC:  0    Str: 19    XL:     4   Next: 91%
Magic:  5/5        EV: 12    Int:  8    God:    Trog [**....]
Gold:   141        SH:  0    Dex: 13    Spells: 3/3 levels left

rFire   . . .        k - +0 spear
rCold   . . .        (no shield)
rNeg    . . .        (no body armour)
rPois   .            (helmet restricted)
rElec   .            (no cloak)
rCorr   +            (no gloves)
SInv    .            (boots unavailable)
Will    .....        (no amulet)
Stlth   ++           m - ring of resist corrosion
HPRegen 0.24/turn    (no ring)
MPRegen 0.09/turn

%: acrobat
@: no status effects
A: beak, talons 3, acrobatic
a: Renounce Religion, Berserk, Trog's Hand


You were on level 5 of the Dungeon.
You worshipped Trog.
Trog was pleased with you.
You visited 1 branch of the dungeon, and saw 5 of its levels.

You collected 141 gold pieces.

Inventory:

Hand Weapons
 a - a +0 falchion
 k - a +0 spear (weapon)
Missiles
 j - 4 javelins (quivered)
Armour
 b - a +0 animal skin
 c - a +0 leather armour
 h - a +1 chain mail
Magical Staves
 g - a staff of death
Jewellery
 f - a ring of willpower
 m - a ring of resist corrosion (left hand)
 p - an amulet of faith
Scrolls
 d - 4 scrolls of identify {unknown}
 e - a scroll of teleportation {unknown}
 l - a scroll of torment {unknown}
 n - a scroll of noise {unknown}
Potions
 i - a potion of enlightenment {unknown}
 o - a potion of attraction {unknown}


   Skills:
 + Level 3.3 Fighting
 + Level 4.2 Long Blades
 + Level 1.9 Polearms
 + Level 2.9 Armour
 + Level 2.9 Dodging
 + Level 0.8 Stealth


You had 3 spell levels left.
You didn't know any spells.
Your spell library contained the following spells:

 Spells                   Type           Power      Damage    Failure   Level
 Blink                    Tloc           0%         N/A       54%         2
 Lesser Beckoning         Tloc           0%         N/A       54%         2
 Momentum Strike          Conj/Tloc      0%         3d8       54%         2


Dungeon Overview and Level Annotations

Branches:
Dungeon (5/15)
 Temple: D:4-7

Altars:
Ashenzari
Uskayaw
Vehumet


Innate Abilities, Weirdness & Mutations

You have a beak for a mouth.
You have claws for feet.
You can magically evade attacks while moving or waiting.


Message History

You see here a scroll labelled KAESEC ITOAL.
You see here a scroll labelled KAESEC ITOAL.
The jelly barely misses you.
You hit the jelly.
Your hands burn!
You claw the jelly.
The jelly is heavily wounded.
The jelly hits you.
You are splashed with acid.
You resist.
You hit the jelly.
Your hands burn!
You claw the jelly!
You kill the jelly!
Trog accepts your kill.
p - an amulet of faith You open the door.
A phantom comes into view.
There is an open door here.
The phantom barely misses you.
You barely miss the phantom. Your kick misses the phantom.
The phantom hits you.
The phantom blinks!
You blink.
You hit the phantom.
The phantom is lightly damaged.
The phantom hits you.
You hit the phantom. You claw the phantom.
The phantom is moderately damaged.
The phantom hits you!
You hit the phantom but do no damage. Your kick misses the phantom.
The phantom is moderately damaged.
The phantom closely misses you.
You closely miss the phantom. Your kick misses the phantom.
The phantom is moderately damaged.
The phantom hits you.
The phantom blinks!
You blink.
You hit the phantom but do no damage. You claw the phantom!
The phantom is heavily damaged.
The phantom hits you.
You barely miss the phantom. Your kick misses the phantom.
Your peck misses the phantom.
The phantom is heavily damaged.
The phantom hits you!
* * * LOW HITPOINT WARNING * * *
You hit the phantom. You peck the phantom, but do no damage.
The phantom is severely damaged.
The phantom hits you.
You die...

#.. .. .. . .### ### #..
..# #.###########(#
#####@#.#.......#.#
.......W#.......#.#.#
.#####..#+#.###.#.#.#
#..........#...#.#.# ##
#..........#.###.#.# ..
#..........#.......#
#.###.#..........#..##.#<#
.............?..##..##.#.#
#########'#............#.#


You could see a phantom.

Vanquished Creatures
  2 jellies
  An adder (D:3)
  A dart slug (D:2)
  4 orcs (D:3)
  7 ball pythons
  5 endoplasms
  3 goblins
  A hobgoblin (D:3)
  A kobold (D:3)
  4 quokkas
  3 bats (D:2)
  A frilled lizard (D:1)
  3 rats
36 creatures vanquished.

Notes
Turn   | Place    | Note
-------+----------+-------------------------------------------
     0 | D:1      | Sybirions the Tengu Berserker began the quest for the Orb.
     0 | D:1      | Reached XP level 1. HP: 14/14 MP: 2/2
   118 | D:1      | Found a faded altar of an unknown god.
   329 | D:2      | Reached XP level 2. HP: 18/19 MP: 3/3
   605 | D:2      | Reached skill level 4 in Long Blades
   880 | D:3      | Reached XP level 3. HP: 18/23 MP: 4/4
  1042 | D:4      | Found a hide-covered altar of Uskayaw.
  1083 | D:3      | Reached ** piety under Trog
  1089 | D:3      | Noticed a centaur
  1307 | D:3      | Found a radiant altar of Vehumet.
  1536 | D:3      | Reached skill level 1 in Polearms
  1768 | D:4      | Found a broken altar of Ashenzari.
  1980 | D:4      | Reached XP level 4. HP: 17/28 MP: 5/5
  2066 | D:5      | Entered Level 5 of the Dungeon
  2112 | D:5      | Noticed a phantom
  2126 | D:5      | Slain by a phantom

Illustrated notes

Levels and vault maps discovered:
D:1:      elethiomel_arrival_quiet, layout_loops_ring,
          hellmonk_ecumenical_altar_lost_god, minmay_ruptured
D:2:      layout_loops_corners, uniq_natasha, uniq_crazy_yiuf_cottage
D:3:      layout_rooms, vehumet_crystals, lightli_corner_chamber
D:4:      layout_basic, pf_just_have_faith, trog_hazing_becter,
          kennysheep_little_box
D:5:      layout_basic, hangedman_abyss_or_decor_stagger, uniq_prince_ribbit1

Skill      XL: |  1  2  3 |
---------------+----------+-----
Long Blades    | 4 |  4.2
Polearms       | 1 |  1.9
Fighting       | |  3.3
Armour         | |  2.9
Dodging        | |  2.9
Stealth        | |  0.8

Action                     |  1- 3 |  4- 6 || total
---------------------------+-------+-------++-------
  Melee: Falchion          |     7 |       ||     7
         Spear             |    74 |    10 ||    84
         Kick              |    21 |     4 ||    25
         Peck              |     5 |     1 ||     6
 Invoke: Berserk           |     3 |       ||     3
    Use: Scroll            |     1 |       ||     1
   Stab: Sleeping          |     2 |       ||     2
 Armour: Chain mail        |    35 |       ||    35
         Leather armour    |     3 |       ||     3
         Skin              |    22 |     8 ||    30
  Dodge: Dodged            |    64 |     3 ||    67

Table legend: (Time is in decaauts)
 A = Elapsed time spent in this place.
 B = Non-inter-level travel time spent in this place.
 C = Inter-level travel time spent in this place.
 D = Time resting spent in this place.
 E = Time spent auto-exploring this place.
 F = Levels seen in this place.
 G = Mean time per level.
                   A        B        C        D        E       F      G
               +--------+--------+--------+--------+--------+-----+--------+
         Total |   2163 |   2160 |      3 |      0 |     38 |   5 |  432.6 |
       Dungeon |   2163 |   2160 |      3 |      0 |     38 |   5 |  432.6 |
               +--------+--------+--------+--------+--------+-----+--------+

Top non-repeatable levels by time:
     D:3: 795 daAuts
     D:2: 525 daAuts
     D:4: 473 daAuts
     D:1: 309 daAuts
     D:5: 59 daAuts
